Map: 2000 Atmospheres LE

Players

Demi

  • Race: Zerg Zerg

Azure - Winner!

  • Race: Terran Terran

Event: DreamHack SC2 Masters 2021 Fall

VOD

Have the link to the VOD?

Description

Time

  • Played on: July 29, 2021, 4:55 a.m.
  • Length: 25:42

All games in this series

Show
View Real Time Build Order
Export as new Build Order

Demi Zerg 

Build Orders: Pool First 

Get SALT Encoding   

  12  0:02  Drone  
  13  0:13  Overlord  
  13  0:16  Drone  
  14  0:31  Drone x2  
  16  0:40  Spawning Pool  
  15  0:43  Drone  
  16  0:51  Drone  
  17  1:00  Drone  
  18  1:11  Hatchery  
  17  1:16  Extractor  
  16  1:20  Drone  
  17  1:27  Zergling x2  
  17  1:28  Zergling x2  
  17  1:30  Queen  
  21  1:40  Overlord  
  21  1:51  Drone  
  22  2:02  Drone  
  22  2:06  Queen  
  25  2:15  Drone  
  26  2:23  Queen  
  26  2:24  Drone x2  
  30  2:33  Metabolic Boost  
  30  2:37  Drone x2  
  31  2:42  Drone  
  31  2:43  Overlord  
  32  2:50  Drone x3  
  35  3:04  Hatchery  
  34  3:09  Drone x2  
  34  3:10  Drone  
  37  3:15  Drone  
  37  3:18  Queen, Drone  
  41  3:21  Overlord  
  41  3:25  Overlord  
  41  3:31  Zergling x4  
  43  3:42  Drone x3  
  43  3:46  Drone  
  43  3:47  Queen, Drone  
  50  3:49  Drone x2  
  50  3:50  Drone x2  
  54  3:56  Baneling Nest  
  54  3:58  Queen  
  55  4:05  Drone x3  
  58  4:11  Zergling x2  
  58  4:15  Overlord  
  59  4:21  Queen  
  59  4:22  Zergling x6  
  59  4:23  Zergling x2  
  65  4:30  Spore Crawler, Overlord x3  
  63  4:34  Drone  
  63  4:35  Drone x2  
  66  4:42  Overlord  
  66  4:43  Overlord  
  66  4:48  Baneling x4  
  66  4:51  Drone x2  
  68  4:52  Zergling x2  
  68  4:53  Zergling x2, Spore Crawler  
  68  4:58  Queen  
  70  5:00  Drone x2  
  70  5:03  Extractor  
  70  5:04  Extractor  
  70  5:05  Lair  
  71  5:07  Zergling x4  
  71  5:13  Drone x4  
  76  5:17  Drone x3  
  76  5:18  Drone  
  80  5:21  Drone x2  
  80  5:23  Spore Crawler  
  81  5:30  Baneling x2  
  81  5:31  Zergling x6  
  81  5:33  Drone x3  
  87  5:36  Queen  
  89  5:48  Drone x8  
  90  5:55  Drone x3  
  90  6:00  Drone  
  88  6:05  Drone  
  88  6:06  Drone  
  88  6:07  Drone x3  
  88  6:11  Drone  
  91  6:17  Drone x4  
  91  6:18  Overseer  
  89  6:30  Drone x5  
  92  6:33  Extractor  
  92  6:35  Centrifical Hooks  
  92  6:38  Drone x3, Evolution Chamber  
  92  6:39  Evolution Chamber  
  90  6:55  Overlord x3  
  90  6:57  Queen  
  90  6:58  Drone x3  
  90  6:59  Hatchery  
  94  7:03  Zergling x4  
  94  7:07  Extractor  
  95  7:10  Overlord x4  
  95  7:18  Zergling x2, Hatchery  
  95  7:19  Zergling x10  
  100  7:33  Zergling x12  
  100  7:34  Baneling  
  100  7:35  Baneling x2  
  106  7:45  Zerg Melee Weapons Level 1  
  106  7:46  Zerg Ground Armor Level 1  
  101  7:52  Zergling x2  
  101  7:53  Zergling x16  
  105  8:04  Drone x3  
  106  8:13  Hatchery  
  106  8:15  Zergling x2  
  106  8:16  Zergling x18  
  106  8:18  Baneling x9, Overseer  
  115  8:20  Pneumatized Carapace  
  115  8:21  Drone  
  116  8:33  Zergling x12  
  121  8:35  Spore Crawler  
  121  8:36  Spore Crawler  
  121  8:40  Zergling x6  
  121  8:42  Drone x2  
  121  8:43  Drone x2  
  121  8:47  Drone x2  
  127  8:48  Queen  
  127  8:49  Drone  
  127  8:50  Drone  
  127  8:51  Zergling x6  
  134  8:56  Baneling  
  134  8:57  Baneling x11  
  133  9:03  Zergling x12  
  136  9:20  Zergling x24  
  136  9:21  Zergling x10  
  133  9:32  Zergling x10  
  133  9:35  Baneling x6  
  131  9:41  Zerg Melee Weapons Level 2, Zerg Ground Armor Level 2, Infestation Pit  
  128  9:46  Baneling x10  
  128  9:47  Zergling x6  
  128  9:48  Zergling x18  
  140  9:56  Baneling x10  
  139  10:06  Zergling x22  
  146  10:15  Queen  
  146  10:19  Baneling x11  
  143  10:28  Baneling x11  
  142  10:33  Zergling x30  
  155  10:38  Baneling x2  
  155  10:39  Baneling x2  
  154  10:43  Extractor  
  153  10:54  Zergling x2  
  153  10:55  Zergling x26  
  161  10:57  Overseer  
  161  11:00  Baneling x2  
  161  11:06  Drone x3, Infestation Pit  
  161  11:07  Drone  
  161  11:08  Overlord x6  
  160  11:30  Baneling x10  
  160  11:31  Zergling x20  
  160  11:32  Zergling x4  
  167  11:37  Queen  
  167  11:39  Zergling x18  
  181  11:40  Zergling x6  
  181  11:43  Queen  
  181  11:44  Drone x2  
  181  11:45  Drone  
  181  11:47  Hive  
  179  12:01  Zergling x24  
  162  12:08  Zergling x12  
  145  12:19  Zergling x18  
  145  12:20  Zergling x10  
  148  12:26  Queen  
  150  12:30  Baneling  
  150  12:31  Baneling x12  
  150  12:33  Queen  
  152  12:42  Zergling x2  
  152  12:43  Zergling x22  
  163  12:50  Zergling x16  
  171  12:57  Baneling x5  
  169  12:59  Adrenal Glands  
  169  13:00  Zerg Melee Weapons Level 3  
  169  13:01  Zerg Ground Armor Level 3  
  169  13:04  Zergling x6  
  169  13:05  Zergling x4  
  170  13:09  Queen  
  170  13:10  Baneling x11  
  172  13:13  Drone  
  165  13:35  Zergling x2  
  165  13:36  Zergling x32  
  165  13:37  Baneling x10  
  165  13:38  Baneling x2  
  180  13:44  Zergling x18  
  180  13:45  Zergling x4  
  186  14:00  Baneling x7  
  186  14:01  Baneling x7  
  181  14:04  Hatchery  
  181  14:06  Zergling x22  
  186  14:36  Zergling x2  
  186  14:37  Zergling x30  
  199  14:44  Baneling x13  
  192  14:55  Hatchery  
  177  15:10  Zergling x40  
  177  15:11  Zergling x20  
  161  15:23  Zergling x2  
  161  15:24  Zergling x14  
  154  15:32  Queen  
  149  15:42  Viper x2  
  145  15:48  Overseer  
  148  15:50  Baneling  
  148  15:51  Baneling x10  
  148  15:54  Drone  
  148  15:55  Drone x5  
  148  15:56  Drone x6  
  160  16:03  Queen  
  160  16:08  Zergling x2  
  160  16:09  Zergling x24  
  171  16:23  Hatchery, Ultralisk Cavern  
  168  16:31  Zergling x2  
  168  16:32  Zergling x18  
  175  16:41  Hatchery  
  172  16:50  Hatchery  
  166  16:54  Baneling x6  
  166  16:58  Drone x12  
  162  17:03  Zergling x22  
  138  17:17  Zergling x22  
  145  17:27  Chitinous Plating  
  145  17:29  Ultralisk  
  149  17:34  Spore Crawler  
  149  17:35  Spore Crawler  
  147  17:41  Ultralisk  
  147  17:42  Zergling x10  
  158  17:47  Baneling  
  158  17:48  Baneling x9  
  158  17:49  Baneling  
  156  18:00  Zergling x18  
  158  18:15  Zergling x2  
  158  18:16  Zergling x22  
  158  18:17  Zergling x2  
  160  18:23  Zergling x2  
  160  18:24  Zergling x8  
  160  18:26  Drone x3  
  162  18:34  Spire  
  161  18:44  Baneling x4  
  161  18:45  Baneling  
  161  18:46  Anabolic Synthesis  
  161  18:48  Baneling x12  
  156  18:56  Baneling x13  
  140  19:15  Zergling x2  
  140  19:16  Zergling x24  
  138  19:20  Zergling x12  
  118  19:31  Zergling x2  
  118  19:32  Zergling x12  
  118  19:37  Spore Crawler  
  123  19:49  Zergling x2, Ultralisk  
  123  19:50  Zergling x6  
  133  19:56  Zergling x10  
  137  20:08  Baneling x8  
  137  20:10  Zergling x12  
  143  20:21  Zergling x18  
  148  20:32  Zergling x2, Ultralisk  
  148  20:33  Zergling x6  
  156  20:44  Zergling x20  
  162  21:03  Hatchery  
  159  21:10  Zergling x30  
  141  21:23  Greater Spire  
  139  21:32  Corruptor  
  139  21:33  Corruptor x2  
  141  21:47  Baneling  
  141  21:48  Baneling x4  
  140  22:02  Hatchery  
  140  22:04  Corruptor  
  141  22:10  Corruptor  
  137  22:34  Brood Lord x2  
  137  22:37  Zergling x14  
  139  22:42  Zergling x6  
  139  22:53  Brood Lord  
  135  23:04  Zergling x22  
  118  23:23  Zergling x20  
  118  23:24  Zergling x8  
  122  23:31  Zergling x12  
  117  23:38  Corruptor x2  
  109  23:59  Corruptor  
  109  24:00  Corruptor x3  
  116  24:04  Baneling  
  116  24:05  Baneling x8  
  116  24:10  Queen x2  
  116  24:12  Extractor  
  116  24:14  Extractor  
  116  24:15  Zergling x6  
  119  24:26  Zergling x28  
  119  24:31  Baneling x2  
  131  24:39  Spore Crawler  
  131  24:41  Drone x9  
  131  24:42  Extractor x2  
  130  24:47  Zergling x10  
  131  25:05  Zergling x2  
  131  25:06  Zergling x20  
  141  25:13  Baneling x3  
  142  25:14  Zergling x12  
Show
View Real Time Build Order
Export as new Build Order

Azure Terran - Winner!

Build Orders: Reaper Expand 

Get SALT Encoding   

  12  0:00  SCV  
  13  0:12  SCV  
  14  0:17  Supply Depot  
  14  0:24  SCV  
  15  0:38  SCV  
  15  0:39  Barracks  
  16  0:44  Refinery  
  16  0:50  SCV  
  17  1:02  SCV  
  18  1:15  SCV  
  19  1:27  Reaper, Orbital Command  
  20  1:39  Command Center  
  20  1:46  Supply Depot  
  20  1:52  SCV  
  21  1:59  Marine  
  22  2:05  SCV  
  22  2:10  Factory  
  22  2:16  Marine  
  22  2:17  SCV  
  22  2:19  Refinery  
  24  2:29  SCV  
  25  2:36  Barracks Reactor  
  25  2:41  SCV  
  26  2:51  Orbital Command  
  26  2:53  SCV  
  26  2:57  Hellion, Starport  
  29  3:05  SCV  
  29  3:17  SCV x2  
  31  3:20  Barracks Tech Lab  
  35  3:27  Hellion x2  
  35  3:29  SCV x2  
  37  3:36  Supply Depot  
  37  3:41  Fusion Core, SCV  
  37  3:43  SCV  
  37  3:47  Viking  
  37  3:48  Hellion x2  
  45  3:54  SCV  
  46  3:57  SCV  
  46  3:58  Supply Depot  
  47  4:06  SCV  
  53  4:10  SCV, Hellion x2  
  53  4:17  Supply Depot  
  53  4:18  SCV  
  53  4:22  SCV  
  55  4:28  Supply Depot  
  55  4:30  SCV  
  56  4:33  Battlecruiser  
  62  4:39  SCV  
  62  4:43  SCV  
  64  4:48  Command Center  
  64  4:51  SCV  
  64  4:55  SCV, Barracks Tech Lab  
  65  5:03  SCV  
  65  5:06  Factory Reactor  
  66  5:07  SCV  
  66  5:09  Barracks  
  66  5:11  Barracks  
  66  5:12  Refinery  
  66  5:13  Refinery  
  67  5:15  SCV  
  67  5:16  Engineering Bay, Stimpack  
  68  5:24  SCV, Engineering Bay  
  68  5:27  SCV  
  70  5:30  Marine  
  71  5:36  SCV  
  71  5:39  SCV  
  73  5:45  Starport Reactor  
  73  5:48  Marine, SCV  
  75  5:51  SCV  
  75  5:55  Terran Infantry Armor Level 1, Terran Infantry Weapons Level 1  
  76  5:57  Barracks  
  76  5:58  Barracks  
  76  6:01  Marine x2, SCV  
  76  6:02  Orbital Command  
  76  6:03  SCV  
  80  6:06  Marine, Factory Reactor  
  80  6:09  Marine x2  
  83  6:13  SCV  
  83  6:15  SCV  
  85  6:18  Marine  
  85  6:19  Marine  
  85  6:23  Marine  
  85  6:25  SCV  
  87  6:27  Marine x2  
  87  6:28  Orbital Command  
  87  6:31  SCV  
  83  6:36  Marine  
  83  6:37  SCV  
  83  6:38  Medivac  
  83  6:39  Medivac  
  88  6:42  Marine x2, Supply Depot x2  
  88  6:43  SCV  
  88  6:45  Marine x2  
  93  6:54  Barracks Reactor  
  93  6:58  Supply Depot  
  93  6:59  Barracks Reactor, Supply Depot  
  93  7:00  Supply Depot  
  93  7:03  Marine x3  
  93  7:04  SCV x3  
  99  7:14  Marine x2  
  101  7:16  SCV x2, Widow Mine x2  
  101  7:19  Medivac x2  
  111  7:25  Supply Depot x2  
  111  7:26  SCV  
  111  7:27  Marine x2  
  111  7:28  SCV  
  111  7:29  SCV  
  116  7:30  Marine  
  116  7:31  Marine x2  
  116  7:32  Marine x2  
  121  7:38  SCV  
  121  7:40  Marine, SCV, Widow Mine x2  
  121  7:41  Marine  
  121  7:42  SCV  
  130  7:45  Marine  
  130  7:47  Supply Depot  
  130  7:50  SCV  
  132  7:54  Marine x2  
  125  7:59  Medivac x2  
  125  8:00  SCV x2  
  125  8:01  Widow Mine x2  
  125  8:03  Marine x4  
  125  8:04  Marine x3  
  125  8:05  SCV  
  136  8:11  Armory  
  136  8:14  SCV  
  136  8:15  Marine x2  
  139  8:20  SCV  
  139  8:21  Marine x3  
  139  8:24  Widow Mine x2  
  146  8:30  SCV x2  
  145  8:35  Supply Depot x2  
  145  8:40  Medivac x2  
  147  8:42  Marine x3  
  147  8:45  Widow Mine x2  
  147  8:47  Supply Depot  
  154  8:49  Supply Depot  
  154  8:50  Marine x3  
  154  8:55  Supply Depot  
  157  8:56  Marine, Command Center  
  157  8:57  Marine  
  157  8:58  Combat Shield  
  159  9:02  Terran Infantry Weapons Level 2  
  159  9:03  Terran Infantry Armor Level 2  
  159  9:04  Supply Depot  
  159  9:16  Marine x2  
  131  9:25  Marine x3  
  131  9:29  Marine x2  
  133  9:33  SCV  
  133  9:36  Marine, Medivac x2  
  133  9:37  Marine x3  
  133  9:38  SCV x2, Widow Mine x2, Barracks  
  138  9:41  Barracks  
  138  9:43  Marine, Barracks  
  138  9:45  SCV  
  142  9:47  Refinery  
  142  9:50  SCV  
  143  9:54  Marine  
  143  9:55  Marine  
  143  9:58  Marine x2  
  143  9:59  Widow Mine x2  
  151  10:06  Marine x3, Marauder  
  150  10:09  Medivac x2  
  152  10:15  Marine x3  
  152  10:16  Marine x2  
  155  10:24  Marine x3, SCV  
  155  10:27  Marine  
  155  10:28  SCV x2  
  150  10:33  Marine x3  
  159  10:35  Widow Mine x2  
  159  10:36  Marine  
  159  10:39  Barracks Tech Lab, Medivac x2  
  159  10:42  Planetary Fortress  
  161  10:46  Marine x4  
  161  10:47  Barracks Tech Lab  
  165  10:55  Marine x4  
  165  10:56  Marauder  
  163  11:01  SCV x2  
  163  11:03  Sensor Tower  
  164  11:06  Marine x2  
  164  11:09  Medivac x2  
  170  11:16  Marine  
  171  11:18  Marine  
  171  11:19  Marauder x2  
  171  11:20  SCV x2  
  170  11:25  SCV  
  170  11:26  SCV  
  172  11:36  Widow Mine  
  172  11:37  SCV, Widow Mine  
  172  11:38  Terran Infantry Weapons Level 3  
  177  11:40  Factory  
  177  11:42  Marine x3, Marauder  
  177  11:43  Marine x2  
  184  11:49  Orbital Command  
  182  11:57  Marine x2, Marauder  
  182  11:58  Marauder  
  182  11:59  Marine  
  182  12:00  Marine, Marauder  
  174  12:08  Marine  
  174  12:09  Marauder  
  174  12:10  Marine x2  
  174  12:13  Marine  
  174  12:15  Marine  
  170  12:19  Marine x3, Marauder x2  
  170  12:21  Marauder  
  164  12:26  Widow Mine x2  
  164  12:27  Marine  
  164  12:28  Marine x2  
  171  12:30  Marauder  
  171  12:31  Terran Infantry Armor Level 3  
  173  12:39  Liberator x2  
  173  12:43  Marine  
  180  12:45  Marine  
  181  12:54  Marine x2  
  181  12:56  Marine  
  188  12:58  Marine  
  188  13:01  Supply Depot x2, Factory Tech Lab  
  188  13:05  Marine  
  179  13:10  SCV  
  179  13:11  SCV x2  
  178  13:12  Command Center  
  178  13:19  Ghost Academy  
  178  13:21  Marine, Sensor Tower, Marauder  
  178  13:22  Sensor Tower  
  181  13:32  Marine x2  
  181  13:33  Marauder  
  173  13:36  SCV x3  
  173  13:37  SCV  
  173  13:39  Marine  
  173  13:40  Marauder  
  177  13:45  Marine  
  179  13:48  SCV x2  
  179  13:49  Marauder  
  177  14:00  Marine x4, Marauder  
  177  14:01  Marine  
  182  14:07  Marine x2  
  182  14:08  Marauder  
  186  14:16  Marauder  
  188  14:21  Marine x2  
  188  14:22  Marauder  
  190  14:36  Marine x3  
  190  14:38  SCV x2  
  193  14:53  Marine x2  
  193  14:59  Marine  
  195  15:00  Marine, Marauder  
  193  15:09  Marine x2, Marauder  
  193  15:10  Marine x2  
  193  15:11  Marine, Marauder  
  193  15:12  Orbital Command  
  193  15:13  Marine, Marauder  
  187  15:17  Marine  
  169  15:21  Marine  
  169  15:22  Marauder  
  169  15:26  Marine x2  
  169  15:28  Marine x2  
  169  15:29  Marine  
  169  15:30  Marauder  
  169  15:31  Marine  
  169  15:34  Marine, Marauder  
  169  15:35  Marine  
  172  15:39  Marine  
  172  15:41  Liberator x2  
  172  15:42  Widow Mine x2  
  181  15:43  Planetary Fortress, Marauder  
  181  15:45  Marine x2  
  185  15:50  SCV  
  185  15:52  Marauder  
  185  15:56  Marine x2  
  185  15:57  Widow Mine, Marauder  
  192  16:01  Marine, Marauder  
  192  16:04  Widow Mine  
  199  16:15  Sensor Tower  
  199  16:28  Liberator  
  198  16:39  Neosteel Armor, Widow Mine, Hi-Sec Auto Tracking  
  200  16:44  Command Center  
  200  16:45  Command Center  
  200  16:50  Marine x2  
  200  16:51  Marauder  
  195  16:56  Marine x2, Marauder  
  188  17:11  Marine x3, Marauder x2  
  188  17:12  Marine, Marauder, Liberator x2  
  188  17:13  Marine x2  
  188  17:14  Marine x2  
  189  17:17  Marauder  
  168  17:25  Widow Mine x3  
  168  17:29  Marine x3  
  177  17:31  SCV  
  177  17:33  Marauder x3  
  177  17:34  Marine  
  185  17:39  Marauder  
  185  17:42  Marine x2  
  189  17:44  Marine x2  
  189  17:47  Marine x2  
  193  17:52  Widow Mine x2  
  193  17:53  Widow Mine  
  193  17:56  Marine  
  198  18:06  Marauder  
  193  18:22  Marine x2, Marauder x2  
  193  18:23  Marine x2, Marauder  
  181  18:30  Command Center  
  181  18:38  Command Center  
  181  18:40  Marine x3  
  181  18:41  Marine x2, Marauder  
  187  18:43  Marine, Refinery  
  187  18:44  Marine, Refinery, Marauder x2  
  187  18:47  Marine, Marauder  
  187  18:48  Orbital Command  
  195  18:58  Marine  
  193  19:07  Marine  
  193  19:08  Marine, Marauder x2  
  193  19:09  Marine x2  
  192  19:10  Marauder  
  192  19:11  Marine x2, Marauder  
  165  19:19  Marine x2  
  165  19:24  Widow Mine x2  
  135  19:25  Marine x2  
  135  19:27  Marine x2  
  135  19:29  Marine x2, Marauder x2  
  135  19:31  Marauder  
  141  19:37  Marine x2  
  145  19:42  Planetary Fortress, Command Center  
  145  19:43  Marine x2  
  147  19:46  Marine  
  147  19:47  Marine  
  147  19:50  SCV x2  
  147  19:51  Marauder  
  153  19:56  Marine  
  153  19:57  Marine x3, Marauder  
  159  20:01  Widow Mine x2  
  159  20:03  Marine x2  
  159  20:04  Planetary Fortress, Marauder x2  
  167  20:21  Marine x3, Marauder x2  
  171  20:22  Marine x3  
  171  20:24  Marine  
  171  20:25  Marauder  
  180  20:29  Marine, Marauder  
  183  20:39  Marine x2  
  187  20:43  Marauder  
  187  20:44  Liberator  
  187  20:47  SCV x4  
  187  20:48  Refinery x2  
  194  20:50  Refinery  
  194  20:51  Refinery  
  194  20:52  Orbital Command  
  194  21:09  Marine x2  
  194  21:10  Marauder  
  182  21:14  Medivac  
  182  21:15  Marine x2  
  182  21:16  Marauder  
  182  21:17  Marine x2, Marauder  
  184  21:23  Marine  
  184  21:24  Marine, Marauder  
  186  21:27  Marine x2, Widow Mine x2  
  186  21:31  Marauder  
  194  21:33  Marine x2  
  194  21:34  Marine  
  194  21:37  Marauder  
  199  22:06  Orbital Command  
  199  22:08  Command Center  
  199  22:11  Command Center  
  199  22:26  Marine  
  199  22:27  Marauder x2  
  199  22:40  Marine x2  
  199  22:41  Marauder  
  199  22:42  Ghost  
  194  22:44  Marine  
  194  22:45  Marine x2  
  194  22:47  Ghost  
  199  23:01  Ghost  
  174  23:11  Ghost  
  169  23:13  Ghost  
  169  23:16  Ghost  
  158  23:20  Marine x4  
  158  23:21  Marine x2  
  162  23:30  Ghost  
  159  23:36  Marine x2  
  159  23:38  Marine x2  
  159  23:39  Ghost  
  158  23:41  Ghost  
  158  23:44  Ghost  
  158  23:48  Marine x2, Widow Mine x2, Medivac x2  
  167  23:49  Orbital Command  
  167  23:50  Orbital Command  
  167  23:51  Marine x2  
  167  23:54  Marine x2  
  169  23:58  Ghost  
  169  23:59  Marine  
  169  24:02  Marine, Command Center  
  172  24:03  Command Center  
  172  24:07  Marine x2  
  172  24:08  Ghost  
  172  24:09  Marine  
  177  24:10  Ghost  
  177  24:14  Marine x2, Marauder  
  183  24:18  Medivac x2  
  187  24:27  Marine x2  
  187  24:28  Marine x3, Marauder  
  194  24:35  Marauder  
  194  24:37  Marauder  
  198  24:39  Marauder  
  192  24:48  Marine x2  
  192  24:49  Marine x4, Marauder  
  188  24:56  Marauder  
  188  24:58  Ghost  
  188  24:59  Marine x2  
  194  25:00  Ghost  
  194  25:06  Marine x2  
  194  25:07  Marine x2  
  198  25:11  Marauder  
  198  25:18  Marauder  

Tags
 
Add a new tag
Caveats
  • Supply blocks, unpowered buildings, or Contaminate may cause inaccurate times.
  • Supply counts are checked every 10 seconds.